 Dungeon Crawl Stone Soup version 0.26.1-11-gd32895ea62 (webtiles) character file.

Game seed: 10817269666326120948

194 tygod the Ruffian (level 5, -1/53 HPs)
             Began as a Troll Berserker on July 10, 2021.
             Was a Priest of Trog.
             Slain by a gnoll
             ... wielding a +0 flail
              (8 damage)
             ... on level 3 of the Dungeon on July 11, 2021.
             The game lasted 00:05:09 (2467 turns).

tygod the Ruffian (Troll Berserker)                 Turns: 2467, Time: 00:05:10

Health: -1/53      AC:  7    Str: 26    XL:     5   Next: 44%
Magic:  4/4        EV: 11    Int:  3    God:    Trog [***...]
Gold:   147        SH:  0    Dex:  9    Spells: 4/4 levels left

rFire    . . .     SeeInvis .   u - +4 quarterstaff (chaos)
rCold    . . .     Faith    .   (shield currently unavailable)
rNeg     . . .     Spirit   .   f - +0 robe
rPois    .         Reflect  .   (helmet restricted)
rElec    .         Harm     .   v - +0 cloak
rCorr    .         Rampage  .   (gloves unavailable)
Will     .....                  (boots unavailable)
Stlth    +.........             (no amulet)
HPRegen  0.57/turn              (no ring)
MPRegen  0.09/turn              (no ring)

@: berserk cooldown, very slightly contaminated, slowed, invisible, very slow
A: large, unfitting armour, claws 3, regeneration 1, shaggy fur 1, tough skin 3
a: Renounce Religion, Berserk, Trog's Hand


You were on level 3 of the Dungeon.
You worshipped Trog.
Trog was most pleased with you.
You visited 1 branch of the dungeon, and saw 3 of its levels.

You collected 147 gold pieces.

Inventory:

Hand Weapons
 n - a +1 dagger of speed
 u - a +4 quarterstaff of chaos (weapon)
 x - a +0 short sword of venom
Missiles
 b - 49 bolts
 w - 5 atropa-tipped darts
Armour
 a - a +0 animal skin
 f - a +0 robe (worn)
 v - a +0 cloak (worn)
Scrolls
 e - 6 scrolls of remove curse {unknown}
 h - a scroll of random uselessness {unknown}
 i - 3 scrolls of enchant armour {unknown}
 j - a scroll of immolation {unknown}
 l - 4 scrolls of identify {unknown}
 o - a scroll of amnesia {unknown}
 p - a scroll of fear {unknown}
 s - 2 scrolls of enchant weapon {unknown}
 t - 3 scrolls of teleportation {unknown}
Potions
 c - a potion of ambrosia {unknown}
 d - a potion of curing
 g - a potion of brilliance {unknown}
 k - a potion of mutation {unknown}
 m - a potion of haste {unknown}
 r - a potion of degeneration {unknown}


   Skills:
 + Level 3.0 Fighting
 + Level 0.8 Short Blades
 + Level 0.4 Staves
 + Level 3.5 Dodging
 + Level 0.1 Stealth
 + Level 4.5 Unarmed Combat


You had 4 spell levels left.
You didn't know any spells.
Your spell library contained the following spells:

 Spells                   Type           Power        Failure   Level
 Summon Small Mammal      Summ           0%           52%         1
 Call Imp                 Summ           0%           67%         2
 Call Canine Familiar     Summ           0%           88%         3
 Summon Guardian Golem    Hex/Summ       0%           88%         3
 Summon Ice Beast         Ice/Summ       0%           99%         4
 Summon Lightning Spire   Summ/Air       0%           99%         4


Dungeon Overview and Level Annotations

Branches:
Dungeon (3/15)

Altars:


Innate Abilities, Weirdness & Mutations

You are too large for most types of armour.
You have claws for hands.
Your natural rate of healing is unusually fast.
You are covered in fur. (AC +1)
You have extremely tough skin. (AC +3)


Message History

You are too injured to fight recklessly!
You are too injured to fight recklessly!
You are too injured to fight recklessly!
It was a potion of curing.
You feel better. The gnoll hits you with a +0 flail!
The gnoll hits you with a +1 flail of protection.
* * * LOW HITPOINT WARNING * * *
You barely miss the gnoll.
The gnoll is severely wounded.
The gnoll closely misses you.
The gnoll hits you with a +1 flail of protection.
* * * LOW HITPOINT WARNING * * *
The gnoll completely misses you.
You fade into invisibility!
The gnoll closely misses you. x2
The gnoll hits you with a +1 flail of protection.
* * * LOW HITPOINT WARNING * * *
You are very lightly contaminated with residual magic.
Unknown command.
The gnoll hits you with a +0 flail!
You die...

#...................#####
########.##.####.##.#
#.........##.#
#....†.....#.#####
#.##.####.........
#.##.####.........
#.................
#.##.#####........ #@##.#
#.......##
#g##.####.......#
#)g.....#.......#
#.........####.......#
#.#######.# #.......# #.#
#.......# #.# #.......#
#.# #.#


You could see 2 gnolls.

Vanquished Creatures
  Crazy Yiuf (D:3)
  A hound zombie (D:3)
  2 gnolls (D:3)
  5 adders
  An ooze (D:2)
  A worm (D:2)
  A dart slug (D:1)
  3 leopard geckos
  2 orcs (D:3)
  4 giant cockroaches
  3 goblins
  6 hobgoblins
  3 jackals (D:3)
  19 kobolds
  A quokka (D:3)
  9 bats
  5 frilled lizards
  9 rats
76 creatures vanquished.

Vanquished Creatures (others)
  A fungus (D:3)
1 creature vanquished.

Grand Total: 77 creatures vanquished

Notes
Turn   | Place    | Note
-------+----------+-------------------------------------------
     0 | D:1      | tygod the Troll Berserker began the quest for the Orb.
     0 | D:1      | Reached XP level 1. HP: 22/22 MP: 0/0
    90 | D:1      | Reached XP level 2. HP: 23/29 MP: 1/1
   920 | D:1      | Reached ** piety under Trog
   921 | D:1      | Reached XP level 3. HP: 36/36 MP: 2/2
  1228 | D:2      | Reached skill level 4 in Unarmed Combat
  1267 | D:2      | Reached XP level 4. HP: 34/44 MP: 3/3
  2163 | D:3      | Found a runed translucent door.
  2164 | D:3      | Noticed Crazy Yiuf
  2172 | D:3      | Killed Crazy Yiuf
  2173 | D:3      | Reached XP level 5. HP: 53/53 MP: 4/4
  2274 | D:3      | Reached *** piety under Trog
  2467 | D:3      | Slain by a gnoll

Illustrated notes

Levels and vault maps discovered:
D:1:      dpeg_arrival_brainrot, layout_basic, minmay_cupped
D:2:      layout_loops_ring
D:3:      layout_basic, st_stairs_5, uniq_crazy_yiuf_cottage

Skill      XL: |  1  2  3  4 |
---------------+-------------+-----
Unarmed Combat | 4 |  4.5
Dodging        | 3 |  3.5
Fighting       | 3 |  3.0
Short Blades   | |  0.8
Staves         | |  0.4
Stealth        | |  0.1

Action                   |  1- 3 |  4- 6 || total
-------------------------+-------+-------++-------
Melee: Unarmed           |    83 |    25 ||   108
       Dagger            |       |    62 ||    62
       Punch             |       |     1 ||     1
       Quarterstaff      |       |    41 ||    41
Invok: Berserk           |     2 |     3 ||     5
  Use: Potion            |       |     2 ||     2
Armor: Animal skin       |    11 |       ||    11
       Robe              |    13 |    50 ||    63
Dodge: Dodged            |    39 |    91 ||   130
